 Dungeon Crawl Stone Soup version 0.27-a0-498-g7ecbb0a48f (webtiles) character file.

Game seed: 17540622205346767518

50 Dirtsage the Ruffian (level 3, 0/19 HPs)
             Began as a Vine Stalker Gladiator on Mar 2, 2021.
             Killed from afar by Terence (7 damage)
             ... with a puff of flame
             ... on level 2 of the Dungeon.
             The game lasted 00:01:13 (1505 turns).

Dirtsage the Ruffian (Vine Stalker Gladiator)       Turns: 1505, Time: 00:01:14

Health: 0/19       AC:  4    Str: 17    XL:     3   Next: 79%
Magic:  0/4        EV: 12    Int:  8    God:
Gold:   45         SH:  0    Dex: 15    Spells: 2/2 levels left

rFire    . . .     SeeInvis .     - Unarmed
rCold    . . .     Faith    .   (no shield)
rNeg     . . .     Spirit   +   a - +0 leather armour
rPois    .         Reflect  .   b - +0 helmet
rElec    .         Harm     .   (no cloak)
rCorr    .         Rampage  .   (no gloves)
Will     .....                  (no boots)
Stlth    +.........             (no amulet)
HPRegen  0.06/turn              (no ring)
MPRegen  0.09/turn              (no ring)

@: no status effects
A: fangs 2, magic shield, antimagic bite, no potion heal 3
a: no special abilities


You were on level 2 of the Dungeon.
You visited 1 branch of the dungeon, and saw 2 of its levels.

You collected 45 gold pieces.


Innate Abilities, Weirdness & Mutations

You have extremely sharp teeth.
When hurt, damage is shared between your health and your magic reserves.
Your bite disrupts and absorbs the magic of your enemies.
Potions cannot restore your health.


   Skills:
 + Level 2.5 Fighting
 - Level 1.7 Throwing
 - Level 2.4 Dodging
 * Level 4.1 Unarmed Combat


You had 2 spell levels left.
You didn't know any spells.
Your spell library was empty.

Inventory:

Missiles
 c - 3 throwing nets (quivered) {=f}
Armour
 a - a +0 leather armour (worn)
 b - a +0 helmet (worn)
Jewellery
 C - a ring of ice
Scrolls
 e - 6 scrolls of identify {unknown}
 f - a scroll of teleportation {unknown}
 g - a scroll of amnesia {unknown}
 i - 2 scrolls of enchant armour {unknown}
Potions
 d - a potion of might {unknown}
 h - a potion of haste {unknown}

Dungeon Overview and Level Annotations

Branches:
Dungeon (2/15)

Altars:

Annotations:
D:2 Terence

### #.####. ##.##
##########.#....
##[#.###.........#.....
##.###.##.######.###>...
##.## ##.#.# #..##.##...
#.## ##..####.#........
##.##
##.................
##.###@.######........#.
##.#.#@# #........##.
##.##.# ##.##...####
#.##.# #>###.## #.##.#
#.# #.# #.##.#### #.# .#
#.##..†.# #.#. ..
#@#####.##....
#......@S.....#
######..##....#


You could see Terence.


Message History

Terence is wielding a +0 falchion and carrying a wand of flame (11).
Terence shouts!
The adder hisses angrily.
Terence moves out of view.
The adder moves out of view.
Terence zaps a wand.
The puff of flame hits you!
Terence zaps a wand.
The puff of flame misses you.
Terence zaps a wand.
The puff of flame misses you.
Terence zaps a wand.
The puff of flame hits you.
You punch Terence! You bite Terence. You drain his power.
You feel invigorated.
Terence is heavily wounded.
Terence barely misses you.
You hit Terence but do no damage.
Terence is heavily wounded.
Terence barely misses you.
You hit Terence but do no damage.
Terence is heavily wounded.
Terence zaps a wand.
The puff of flame hits you.
* * * LOW HITPOINT WARNING * * *
You hit Terence.
Terence is heavily wounded.
Terence completely misses you.
You barely miss Terence. Your bite misses Terence.
Terence is heavily wounded.
Terence closely misses you.
You hit Terence but do no damage.
Terence is heavily wounded.
You hit Terence. You bite Terence, but do no damage.
Terence is heavily wounded.
Terence says, "Rest in peace."
Terence zaps a wand.
The puff of flame hits you!
You die...

Skill      XL: |  1  2  3 |
---------------+----------+-----
Fighting       | 2 |  2.5
Unarmed Combat | 4 |  4.1
Throwing       | |  1.7
Dodging        | |  2.4

Action                   || total
-------------------------++-------
Melee: Unarmed           ||    76
       Bite              ||    33
       Punch             ||     1
 Stab: Sleeping          ||     1
Armor: Leather armour    ||    18
Dodge: Dodged            ||    34

Levels and vault maps discovered:
D:1:      psy_arrival_dodecagon, layout_loops_corners, hangedman_decor_growths
D:2:      layout_loops_ring, lemuel_round_altar, grunt_decor_arrowhead,
          uniq_terence

Notes
Turn   | Place    | Note
-------+----------+-------------------------------------------
     0 | D:1      | Dirtsage the Vine Stalker Gladiator began the quest for the
                  | Orb.
     0 | D:1      | Reached XP level 1. HP: 11/11 MP: 2/2
   290 | D:1      | Reached skill level 2 in Fighting
   290 | D:1      | Reached XP level 2. HP: 11/15 MP: 3/3
   920 | D:1      | Reached XP level 3. HP: 15/18 MP: 2/4
  1098 | D:1      | Reached skill level 4 in Unarmed Combat
  1478 | D:2      | Noticed Terence
  1505 | D:2      | Killed from afar by Terence

Vanquished Creatures
  4 oozes (D:1)
  A worm (D:2)
  3 dart slugs (D:1)
  3 giant cockroaches (D:1)
  2 goblins (D:1)
  2 hobgoblins (D:1)
  2 bats (D:1)
  4 kobolds (D:1)
  6 rats
27 creatures vanquished.

Table legend: (Time is in decaauts)
 A = Elapsed time spent in this place.
 B = Non-inter-level travel time spent in this place.
 C = Inter-level travel time spent in this place.
 D = Time resting spent in this place.
 E = Time spent auto-exploring this place.
 F = Levels seen in this place.
 G = Mean time per level.
                   A        B        C        D        E       F      G
               +--------+--------+--------+--------+--------+-----+--------+
         Total |   1498 |   1478 |     20 |      0 |   1310 |   2 |  749.0 |
       Dungeon |   1498 |   1478 |     20 |      0 |   1310 |   2 |  749.0 |
               +--------+--------+--------+--------+--------+-----+--------+

Top non-repeatable levels by time:
     D:1: 1313 daAuts
     D:2: 185 daAuts

Table legend:
 A = Non-vault XP
 B = Vault XP
 C = Vault XP percentage of total XP
 D = Non-vault monster count
 E = Vault monster count
 F = Vault count percentage of total count
                 A         B        C        D         E       F
            +---------+---------+-------+---------+---------+-------
      Total |      72 |       0 |   0.0 |      27 |       0 |   0.0
            +---------+---------+-------+---------+---------+-------
        D:1 |      66 |       0 |   0.0 |      25 |       0 |   0.0
        D:2 |       6 |       0 |   0.0 |       2 |       0 |   0.0
            +---------+---------+-------+---------+---------+-------
